Map: Submarine LE

Players

karroni - Winner!

  • Race: Terran Terran
  • League: Gold
  • Spawn Location: 11:00

Massa

  • Race: Terran Terran
  • League: Platinum
  • Spawn Location: 5:00

VOD

Have the link to the VOD?

Description

Time

  • Played on: Oct. 24, 2020, 4 p.m.
  • Length: 27:45
Show
View Real Time Build Order
Export as new Build Order

karroni Terran - Winner!

Build Orders:  

Get SALT Encoding   

  12  0:27  SCV  
  13  0:36  Supply Depot x2  
  13  0:39  SCV  
  14  0:51  SCV  
  15  1:00  Barracks  
  15  1:03  SCV  
  16  1:07  Barracks  
  16  1:11  Refinery  
  16  1:16  SCV  
  17  1:32  Barracks  
  17  1:39  SCV  
  18  1:48  Marine  
  18  1:51  Orbital Command  
  19  1:54  Marine  
  19  1:59  Refinery  
  20  2:29  Marine  
  21  2:30  Marine  
  21  2:33  Factory  
  22  2:41  Marine  
  23  2:46  Supply Depot  
  23  2:53  SCV  
  24  3:05  SCV  
  25  3:06  Barracks Tech Lab x3  
  25  3:17  SCV  
  25  3:18  Starport  
  26  3:20  Factory Reactor  
  26  3:29  SCV  
  26  3:31  Marine  
  26  3:32  Marauder, Marine  
  31  3:41  SCV  
  31  3:44  Supply Depot  
  32  3:48  Supply Depot  
  32  3:49  Marine  
  32  3:50  Marine  
  32  3:53  SCV  
  35  4:06  SCV  
  35  4:11  Marine  
  35  4:12  Marauder, Marine  
  39  4:18  Medivac  
  39  4:21  Medivac  
  43  4:28  SCV  
  43  4:29  Marine  
  43  4:30  Marauder  
  47  4:43  Marauder, Supply Depot  
  49  4:47  Marine  
  49  4:51  Marauder  
  49  4:52  Supply Depot  
  52  4:57  Combat Shield  
  52  4:58  Concussive Shells  
  52  5:04  Marine  
  52  5:05  Marine  
  54  5:10  Medivac  
  55  5:36  Marine  
  55  5:37  SCV, Marauder, Marine  
  58  5:50  SCV  
  58  5:55  Marauder  
  58  6:02  SCV  
  44  6:13  Factory Tech Lab  
  44  6:21  Marauder, Marine x2  
  44  6:24  Command Center  
  49  6:40  SCV  
  49  6:52  SCV  
  50  7:04  SCV  
  46  7:16  SCV  
  46  7:28  SCV  
  47  7:31  Liberator x2  
  53  7:40  Siege Tank  
  56  7:49  Refinery  
  56  7:53  Bunker  
  56  8:02  Engineering Bay  
  56  8:06  Barracks  
  56  8:08  Stimpack  
  56  8:14  Liberator x2  
  56  8:19  SCV  
  64  8:20  SCV  
  64  8:29  Siege Tank  
  64  8:31  SCV  
  64  8:32  SCV  
  69  8:42  Refinery  
  69  8:44  SCV x2  
  71  9:02  Siege Tank  
  71  9:13  Marine x2  
  71  9:14  Marauder  
  71  9:15  Medivac  
  77  9:21  SCV  
  78  9:27  Planetary Fortress  
  78  9:31  Marauder, Marine  
  78  9:35  Marauder, Missile Turret x3  
  78  9:36  Missile Turret  
  78  9:38  Missile Turret x2  
  83  9:49  Marine, Supply Depot  
  83  9:51  Missile Turret  
  84  9:53  Marauder  
  84  9:56  Marine, Viking  
  89  10:07  Marauder  
  89  10:14  Supply Depot x2  
  86  10:39  SCV x2  
  88  10:44  Command Center  
  88  10:51  Terran Infantry Weapons Level 1  
  88  11:10  Marine x2  
  88  11:11  SCV, Marauder  
  93  11:22  Missile Turret  
  93  11:28  Marauder, Marine  
  93  11:31  SCV  
  93  11:32  SCV  
  98  11:33  Missile Turret  
  98  11:43  SCV  
  98  11:44  SCV  
  63  12:11  Siege Tank  
  66  12:17  Marine  
  66  12:18  Marine  
  66  12:19  Marauder  
  70  12:29  SCV  
  71  12:36  Viking  
  73  12:43  Siege Tank  
  76  12:48  Missile Turret  
  76  12:50  SCV  
  77  12:52  Planetary Fortress  
  76  13:01  Marine  
  76  13:02  Marine x2  
  75  13:07  Liberator  
  75  13:08  Liberator  
  81  13:15  Siege Tank  
  81  13:19  Marine x2  
  85  13:25  SCV x2  
  88  13:37  SCV  
  89  13:47  Siege Tank  
  90  13:53  Marine x3  
  53  14:10  Marine  
  53  14:11  Marauder, Marine  
  55  14:19  Siege Tank  
  58  14:28  Marine x2  
  60  14:32  Marine  
  60  14:33  Viking x2  
  62  14:41  SCV  
  62  14:46  Marine x2  
  62  14:50  Marine  
  62  14:51  Siege Tank  
  68  15:02  Viking  
  68  15:03  Refinery, Viking  
  68  15:04  Marine x2  
  74  15:07  Refinery  
  74  15:08  Marine  
  74  15:11  Armory  
  75  15:15  Engineering Bay  
  75  15:18  Barracks Reactor  
  75  15:22  Marine x2  
  75  15:24  Siege Tank  
  75  15:26  Marine  
  81  15:30  Supply Depot  
  81  15:32  Viking, Supply Depot  
  81  15:33  Viking, Supply Depot x2  
  85  15:38  SCV  
  85  15:39  SCV  
  85  15:40  Marauder x2  
  85  15:41  SCV  
  92  15:43  Marine  
  92  15:48  Sensor Tower  
  93  15:56  Siege Tank  
  96  16:01  Marauder, Marine  
  96  16:02  Viking  
  96  16:03  Viking  
  103  16:08  Marine x2  
  103  16:09  Marauder  
  107  16:28  Siege Tank  
  140  16:32  Viking x2  
  110  16:34  Marine  
  110  16:35  Marauder  
  110  16:36  Marine, Missile Turret  
  110  16:38  Missile Turret  
  110  16:39  Missile Turret  
  118  16:42  Command Center  
  118  17:00  Siege Tank  
  121  17:02  Medivac  
  120  17:14  SCV x3  
  120  17:15  Marine x3  
  126  17:16  Marauder x2  
  126  17:21  Medivac  
  132  17:32  Medivac, Thor  
  132  17:33  Marine  
  132  17:34  Marauder  
  145  17:37  Marauder  
  145  17:40  Refinery  
  145  17:42  Refinery, SCV x3  
  148  17:51  Medivac  
  150  17:54  SCV  
  152  17:58  SCV  
  152  18:06  Marine  
  152  18:07  Marine x3  
  152  18:08  Marauder  
  152  18:09  Medivac  
  152  18:10  SCV  
  155  18:20  Medivac  
  155  18:24  Marine x2  
  155  18:25  Marauder x2  
  154  18:29  Marauder  
  134  18:39  Medivac  
  119  18:42  Marine x2  
  119  18:47  Marauder x2  
  115  18:50  Marine  
  111  18:59  Viking  
  113  19:06  Marine x2  
  113  19:08  SCV x2, Marauder, Marine x2  
  113  19:09  Planetary Fortress, Viking  
  123  19:13  Sensor Tower  
  123  19:14  Missile Turret  
  123  19:16  Missile Turret  
  123  19:18  Missile Turret  
  123  19:19  Missile Turret  
  123  19:24  Marine x2  
  123  19:25  Marine x2  
  123  19:29  Marine, Viking  
  126  19:39  Viking  
  124  19:54  Marine x2  
  124  19:55  Marauder x2  
  124  19:59  Viking  
  132  20:08  Viking  
  131  20:17  Marine  
  131  20:18  Reaper, Marauder x2, Marine  
  121  20:29  Medivac  
  121  20:35  Marine  
  124  20:36  Marauder  
  124  20:38  Viking  
  119  20:45  Marauder, Marine  
  107  20:50  Marine  
  107  20:53  Marine  
  107  20:54  SCV  
  107  20:55  SCV  
  107  20:56  SCV x2  
  110  20:57  Marauder  
  110  21:00  Barracks  
  110  21:01  Barracks  
  110  21:02  Barracks  
  110  21:03  Barracks, Marauder  
  114  21:05  Barracks, Medivac  
  114  21:06  Marine  
  114  21:07  Marine  
  114  21:11  Marine  
  119  21:19  Marauder  
  119  21:24  Marauder, Marine  
  124  21:37  Terran Infantry Weapons Level 2  
  124  21:40  Marauder, Terran Vehicle Weapons Level 1  
  126  22:04  Marine x4  
  126  22:05  Marine x2  
  132  22:12  Medivac, Viking  
  132  22:14  Ghost Academy  
  132  22:15  SCV x3, Ghost Academy  
  139  22:16  Ghost Academy  
  139  22:17  Ghost Academy  
  139  22:29  Siege Tank  
  132  22:42  Liberator, Viking  
  136  22:50  Marine x2  
  132  23:01  Thor  
  128  23:13  Ghost  
  131  23:26  Enhanced Shockwaves  
  130  23:29  Barracks Tech Lab  
  130  23:30  Marine x2  
  130  23:31  Marine x5  
  137  23:34  Terran Vehicle And Ship Armor Level 1  
  137  23:43  Engineering Bay  
  137  23:44  Engineering Bay, Hellbat  
  137  23:45  Sensor Tower  
  137  23:47  Viking  
  141  23:53  Drilling Claws, Terran Infantry Armor Level 1  
  141  24:00  Orbital Command, Command Center  
  141  24:05  Widow Mine, Command Center  
  143  24:22  Ghost  
  143  24:23  Ghost  
  147  24:27  Siege Tank  
  150  24:36  Refinery  
  150  24:37  Refinery  
  150  24:40  Missile Turret  
  150  24:41  Missile Turret  
  150  24:42  Missile Turret  
  150  24:43  Marine  
  150  24:44  Marauder, Marine  
  150  24:45  Marine  
  155  24:47  Missile Turret  
  155  24:53  Viking, Medivac  
  155  24:59  Siege Tank  
  162  25:22  Viking  
  162  25:23  Viking  
  166  25:28  Terran Ship Weapons Level 1  
  166  25:31  Widow Mine  
  168  25:38  Marine x2  
  168  25:39  Marine x4  
  174  25:47  Hi-Sec Auto Tracking  
  174  25:52  Widow Mine, Medivac  
  174  25:53  Viking  
  174  26:14  Widow Mine, Marine x2  
  174  26:15  Marine  
  165  26:25  Marine x4  
  164  26:26  Marine x3  
  164  26:32  Marine  
  170  26:34  Refinery  
  170  26:36  SCV x2  
  169  26:41  Planetary Fortress  
  169  26:48  Siege Tank  
  164  26:58  Refinery  
  99  27:24  SCV  
Show
View Real Time Build Order
Export as new Build Order

Massa Terran 

Build Orders:  

Get SALT Encoding   

  12  0:01  SCV  
  13  0:14  SCV  
  14  0:20  Supply Depot  
  14  0:26  SCV  
  15  0:42  SCV  
  16  0:44  Barracks  
  16  0:48  Refinery  
  16  0:54  SCV  
  17  1:06  SCV  
  18  1:18  SCV  
  19  1:32  Reaper  
  20  1:33  SCV  
  21  1:41  Command Center  
  21  1:48  Orbital Command  
  21  2:03  Marine  
  21  2:04  Barracks  
  22  2:14  SCV  
  23  2:24  Marine  
  23  2:30  Supply Depot  
  23  2:40  Supply Depot  
  23  2:41  Factory  
  23  2:51  Marine  
  23  2:52  Marine  
  23  2:56  Bunker  
  25  3:04  Orbital Command  
  26  3:05  SCV  
  26  3:09  Marine  
  26  3:10  Marine  
  28  3:17  SCV  
  29  3:26  Factory Tech Lab  
  29  3:27  Marine  
  29  3:28  Marine  
  29  3:29  SCV  
  32  3:42  SCV  
  32  3:43  Starport  
  32  3:45  Marine  
  32  3:46  Marine  
  32  3:48  Siege Tank  
  38  4:13  Marine  
  38  4:15  Barracks Tech Lab  
  39  4:20  Barracks  
  39  4:25  Refinery  
  39  4:31  Marine  
  39  4:36  Barracks  
  40  4:40  SCV x2  
  42  4:46  Marauder  
  42  4:48  Stimpack  
  42  4:49  Marine  
  42  4:51  Widow Mine  
  42  4:52  SCV x2  
  49  5:08  Marauder  
  49  5:10  Refinery, Barracks Tech Lab  
  49  5:14  Barracks Tech Lab  
  43  5:36  Orbital Command  
  30  6:00  Orbital Command  
  29  6:07  Marauder x3, Marine  
  36  6:13  SCV  
  37  6:25  Marine  
  37  6:26  SCV x2  
  37  6:28  Marauder, Marine x2  
  44  6:37  Barracks  
  44  6:38  SCV x2  
  46  6:43  Engineering Bay, Marine  
  46  6:46  Marauder, Marine  
  50  6:49  Marine  
  50  6:50  SCV x2  
  53  7:01  Marine  
  53  7:03  SCV x2  
  53  7:05  Marine  
  53  7:07  Marine x2  
  53  7:15  SCV  
  52  7:19  Marine  
  50  7:33  Barracks Reactor  
  50  7:36  Missile Turret  
  50  7:39  Missile Turret  
  50  7:41  Missile Turret  
  50  7:43  Siege Tank  
  53  7:46  Marine  
  54  7:52  Supply Depot  
  54  8:09  Supply Depot  
  54  8:13  Medivac  
  54  8:14  SCV, Marauder, Missile Turret  
  59  8:24  Marauder, Marine  
  62  8:31  SCV x2, Marauder, Marine x2  
  68  8:36  Concussive Shells  
  68  8:43  SCV x2  
  70  8:56  Marine  
  70  9:07  Marine  
  70  9:22  Missile Turret  
  70  9:25  Missile Turret  
  70  9:32  Supply Depot  
  70  9:54  Marauder x2, Marine x2, Medivac  
  70  9:58  Refinery  
  78  10:05  Refinery  
  78  10:18  Supply Depot  
  78  10:21  Supply Depot  
  78  10:29  Marine  
  78  10:30  Marine  
  78  10:31  SCV x2  
  72  10:42  Starport Reactor  
  72  10:43  SCV x2, Combat Shield  
  72  10:45  Supply Depot  
  74  10:50  Starport  
  74  10:55  SCV x2  
  76  11:02  Marauder x3, Marine x3  
  85  11:07  SCV  
  85  11:08  SCV  
  87  11:19  SCV  
  87  11:20  Marine x3  
  87  11:21  Siege Tank  
  87  11:23  Marauder x2, Marine  
  87  11:25  Viking  
  101  11:28  Starport Tech Lab  
  101  11:38  Marine  
  101  11:48  Viking  
  90  12:19  SCV x2  
  92  12:31  SCV x2  
  92  12:32  Command Center  
  94  12:38  Marauder x2  
  94  12:39  Missile Turret  
  94  12:43  SCV x2  
  100  12:55  SCV  
  100  13:12  Viking x2  
  102  13:38  SCV  
  101  13:41  SCV  
  101  13:43  Viking  
  101  13:47  Medivac  
  103  13:50  SCV  
  103  13:53  SCV  
  103  13:55  Orbital Command  
  94  14:03  SCV  
  94  14:05  SCV  
  81  14:13  Medivac  
  59  14:46  Marauder, Marine  
  59  14:47  Marauder x2, Marine x2  
  59  14:49  Siege Tank  
  71  14:58  SCV x3  
  74  15:04  Marine  
  74  15:05  Marine  
  77  15:08  Marauder x3  
  77  15:10  Barracks Reactor, SCV  
  83  15:22  Marine  
  83  15:23  Marine  
  83  15:26  Refinery  
  83  15:27  Terran Infantry Weapons Level 1  
  85  15:29  Marauder x3  
  85  15:32  Armory  
  85  15:33  Engineering Bay  
  91  15:36  Command Center  
  91  15:39  Missile Turret  
  91  15:40  Marine  
  91  15:41  Missile Turret  
  92  15:44  SCV x3, Missile Turret  
  92  15:45  Missile Turret  
  92  15:46  Command Center  
  92  15:47  Missile Turret  
  95  15:50  Marauder  
  95  15:51  Marauder x2  
  95  15:53  Marine  
  95  15:54  Marine x2  
  95  15:56  SCV x3  
  107  15:58  Marine  
  107  16:11  Marine  
  107  16:12  Marauder x3, Marine x2  
  107  16:17  Terran Infantry Armor Level 1  
  116  16:20  Refinery  
  116  16:29  Sensor Tower  
  116  16:34  Sensor Tower  
  116  16:42  Marine  
  116  16:44  Supply Depot x3  
  117  16:56  Barracks  
  117  16:57  Marine x2, Viking x2, Siege Tank  
  117  16:58  Marauder x3  
  132  17:07  Supply Depot  
  130  17:08  Supply Depot  
  130  17:12  Supply Depot  
  129  17:17  Planetary Fortress  
  129  17:19  Marauder x3  
  138  17:30  Siege Tank  
  138  17:32  Command Center  
  138  17:40  Supply Depot  
  97  18:36  Marauder x4, Marine x3  
  97  18:37  Marine  
  74  18:54  Marine  
  70  18:57  Marauder  
  70  18:58  Marauder x3  
  70  18:59  Siege Tank  
  70  19:02  Viking x2  
  79  19:09  Refinery  
  79  19:11  Refinery  
  79  19:13  Marine  
  79  19:14  Marine x3  
  83  19:18  Marauder  
  83  19:19  Marauder x3  
  90  19:31  Marine, Siege Tank  
  90  19:32  Marine x2, Viking x2  
  100  19:40  Marauder x2  
  104  19:55  Command Center  
  104  19:59  Command Center  
  102  20:02  Viking  
  64  20:52  Marauder  
  64  20:53  Marauder, Marine x4  
  61  21:06  Terran Infantry Armor Level 2, Terran Infantry Weapons Level 2  
  61  21:10  Marine, Planetary Fortress  
  62  21:11  Marine x3  
  62  21:13  SCV  
  62  21:14  Marauder x2  
  70  21:20  SCV  
  70  21:25  SCV  
  72  21:28  Marine  
  72  21:29  Marine x3  
  72  21:32  SCV  
  77  21:33  Viking  
  77  21:35  Marauder  
  77  21:36  Marauder  
  77  21:37  SCV  
  84  21:46  Marine  
  84  21:47  Marine x3  
  85  21:50  Command Center  
  88  21:56  Marauder  
  88  21:57  Marauder  
  88  21:59  SCV  
  88  22:00  Missile Turret  
  88  22:01  SCV  
  94  22:07  Marine  
  94  22:08  Marine  
  96  22:09  Marine  
  96  22:11  SCV  
  98  22:18  Marauder x2  
  98  22:20  Siege Tank  
  98  22:21  Missile Turret  
  102  22:39  Marauder  
  102  22:40  Marauder, Missile Turret  
  102  22:43  Marine x4  
  95  23:00  Marine x2  
  94  23:06  Siege Tank  
  94  23:10  Marine x2  
  94  23:11  Marine  
  94  23:22  SCV x2  
  96  23:38  Orbital Command, Siege Tank  
  99  23:42  Refinery, Viking  
  101  23:56  Missile Turret  
  101  24:00  Sensor Tower  
  101  24:17  Missile Turret  
  101  24:24  Refinery  
  101  24:28  Terran Infantry Weapons Level 3, Terran Infantry Armor Level 3  
  103  24:39  Medivac x2, Missile Turret  
  103  24:40  Command Center  
  101  25:09  Medivac  
  101  25:10  Missile Turret  
  101  25:11  Missile Turret  
  103  25:20  Viking  
  105  25:35  Marine  
  105  25:36  Marauder x2, Marine  
  91  26:24  Viking x2  
  75  26:53  Marauder  
  75  26:54  Marauder, Viking  
  54  27:15  Marauder x2  
Tags
 
Matchup
TvT
Race
Terran
Replay Pack
Multiplayer
Spawn Locations
Cross Positions
Add a new tag
Caveats
  • Supply blocks, unpowered buildings, or Contaminate may cause inaccurate times.
  • Supply counts are checked every 10 seconds.